 Dungeon Crawl Stone Soup version 0.30.0 (webtiles) character file.

Game seed: 666585389786532582

220 voltaire321 the Stinger (level 5, -5/34 HPs)
             Began as an Octopode Venom Mage on May 6, 2023.
             Slain by a black bear (6 damage)
             ... on level 4 of the Dungeon.
             The game lasted 00:08:31 (3063 turns).

voltaire321 the Stinger (Octopode Venom Mage)       Turns: 3063, Time: 00:08:32

Health: -5/34      AC:  1    Str:  8    XL:     5   Next: 97%
Magic:  1/9        EV: 14    Int: 19    God:
Gold:   201        SH:  0    Dex: 18    Spells: 3/9 levels left

rFire   . . .        o - +2 dagger (drain)
rCold   . . .        (no shield)
rNeg    . . .        (helmet restricted)
rPois   .            (no amulet)
rElec   .            n - +6 ring of dexterity
rCorr   .            (no ring)
SInv    .            (no ring)
Will    .....        (no ring)
Stlth   +++          (no ring)
HPRegen 0.25/turn    (no ring)
MPRegen 0.11/turn    (no ring)
                     (no ring)

%: no passive effects
@: no status effects
A: almost no armour, amphibious, 8 rings, camouflage 1, gelatinous body 1,
(nimble swimmer 1), tentacles
a: no special abilities


You were on level 4 of the Dungeon.
You visited 1 branch of the dungeon, and saw 4 of its levels.

You collected 201 gold pieces.

Inventory:

Hand Weapons
 o - a +2 dagger of draining (weapon)
Jewellery
 n - a +6 ring of dexterity (left tentacle)
Scrolls
 b - a scroll of torment {unknown}
 d - 2 scrolls of brand weapon {unknown}
 f - 5 scrolls of identify {unknown}
 h - a scroll of magic mapping {unknown}
 i - a scroll of immolation {unknown}
 j - a scroll of vulnerability {unknown}
 k - a scroll of fear {unknown}
Potions
 a - a potion of magic
 c - 2 potions of flight {unknown}
 e - 2 potions of degeneration {unknown}
 g - a potion of ambrosia {unknown}
 l - 2 potions of curing {unknown}
 m - a potion of berserk rage {unknown}


   Skills:
 + Level 1.8 Fighting
 + Level 2.9 Dodging
 - Level 2.6 Stealth
 + Level 2.8 Spellcasting
 + Level 1.4 Conjurations
 + Level 0.9 Summonings
 - Level 2.0 Transmutations
 + Level 1.6 Air Magic
 + Level 4.4 Poison Magic


You had 3 spell levels left.
You knew the following spells:

 Your Spells              Type           Power      Damage    Failure   Level
a - Sting                 Tmut/Pois      56%        1d5       4%          1
b - Poisonous Vapours     Pois/Air       28%        N/A       7%          2
c - Mephitic Cloud        Conj/Pois/Air  12%        N/A       17%         3

Your spell library contained the following spells:

 Spells                   Type           Power      Damage    Failure   Level
 Static Discharge         Conj/Air       16%        2-3/arc   12%         2
 Olgreb's Toxic Radiance  Pois           19%        N/A       26%         4
 Airstrike                Air            4%         2d(1-17)  61%         4
 Summon Lightning Spire   Summ/Air       7%         N/A       67%         4


Dungeon Overview and Level Annotations

Branches:
Dungeon (4/15)
 Temple: D:4-7

Altars:

Shops:
D:2 [


Innate Abilities, Weirdness & Mutations

You cannot wear most types of armour.
You are amphibious.
You can wear up to eight rings at the same time.
Your skin changes colour to match your surroundings (Stealth+).
Your rubbery body absorbs attacks. (AC +1, EV +1)
((You are camouflaged when in or above water. (Stealth+)))
You have tentacles for arms and can constrict up to eight enemies at once.


Message History

Press: ? - help, Dir - move target, f/p - black bear
Aim: a black bear (lightly wounded, very poisoned) Poisonous vapours surround the black bear!
The black bear looks even sicker.
Casting: Poisonous Vapours (safe; 7% risk of failure)
Confirm with . or Enter, or press ? or * to list all spells.
Aiming: Poisonous Vapours (safe; 7% risk of failure)
Press: ? - help, Dir - move target, f/p - black bear
Aim: a black bear (lightly wounded, very poisoned) Poisonous vapours surround the black bear!
The black bear looks even sicker.
Casting: Poisonous Vapours (safe; 7% risk of failure)
Confirm with . or Enter, or press ? or * to list all spells.
Aiming: Poisonous Vapours (safe; 7% risk of failure)
Press: ? - help, Dir - move target, f/p - black bear
Aim: a black bear (severely wounded, very poisoned) Poisonous vapours surround the black bear!
The black bear looks even sicker.
A black bear is nearby!
The black bear goes berserk!
The black bear bites you but does no damage.
The black bear claws you. The black bear claws you!
You hit the black bear. Your grab misses the black bear.
Your squeeze misses the black bear.
The black bear is almost dead.
The black bear bites you. The black bear claws you.
The black bear barely misses you.
Aiming: Sting (safe; 4% risk of failure)
Press: ? - help, Q - select action, (/) - cycle Shift-Dir - straight line, f/p - black bear
Aim: a black bear (almost dead, berserk, poisoned, 79% to hit)
The sting hits the black bear.
The black bear looks even sicker.
The black bear is almost dead.
The black bear bites you!
* * * LOW HITPOINT WARNING * * *
The black bear misses you. The black bear claws you.
* * * LOW HITPOINT WARNING * * *
The black bear bites you.
* * * LOW HITPOINT WARNING * * *
The black bear barely misses you. The black bear claws you.
You die...

#.##..).....
###.##†.#.....
#.......#.....
######..###.#.....
#.......# #.###...
#.####.## #.###†..
#.# #.# #.......
#.# #.# #.##....
#@# #.#######....
#h# #.......†.##.
#.# ############.
######.# ##
#......# ##.#####
#.# #h# #.#


You could see a black bear (berserk, very poisoned).

Vanquished Creatures
  A black bear (D:4)
  Natasha (D:4)
  4 adders
  2 worms
  A dart slug (D:2)
  2 orcs (D:3)
  5 bats
  4 endoplasms
  13 goblins
  8 hobgoblins
  7 ball pythons
  4 frilled lizards
  3 kobolds
  7 rats
62 creatures vanquished.

Notes
Turn   | Place    | Note
-------+----------+-------------------------------------------
     0 | D:1      | voltaire321 the Octopode Venom Mage began the quest for the
                  | Orb.
     0 | D:1      | Reached XP level 1. HP: 11/11 MP: 3/3
   179 | D:1      | Reached XP level 2. HP: 18/18 MP: 0/5
   332 | D:1      | Learned a level 2 spell: Poisonous Vapours
   742 | D:1      | Reached XP level 3. HP: 16/22 MP: 4/6
  1089 | D:2      | Learned a level 3 spell: Mephitic Cloud
  1429 | D:2      | Reached skill level 1 in Fighting
  1526 | D:2      | Reached skill level 4 in Poison Magic
  1592 | D:2      | Found Zyamey's Antique Armour Emporium.
  1630 | D:2      | Reached XP level 4. HP: 28/28 MP: 7/7
  2032 | D:3      | Reached skill level 1 in Air Magic
  2440 | D:3      | Found a faded altar of an unknown god.
  2677 | D:4      | Noticed a black bear
  2694 | D:4      | Killed a black bear
  2695 | D:4      | Reached skill level 1 in Conjurations
  2695 | D:4      | Reached XP level 5. HP: 34/34 MP: 0/9
  2849 | D:4      | Noticed Natasha
  2857 | D:4      | Killed Natasha
  3030 | D:4      | Noticed a black bear
  3063 | D:4      | HP: 1/34 [black bear (2)]
  3063 | D:4      | Slain by a black bear

Illustrated notes

Levels and vault maps discovered:
D:1:      eino_arrival_cavern_d, layout_loops_ring, dk_noncrumbling_2
D:2:      layout_basic, serial_co_window_serial, co_window_of_opportunity_a,
          co_window_of_opportunity_a, co_window_paths_b, co_window_paths_b,
          co_window_corner_a, co_window_unsneaky_path_e,
          co_window_unsneaky_path_c, co_window_of_opportunity_b,
          co_window_4corner_a, glass_columns_b, glass_columns_b,
          glass_columns_c, glass_columns_a, glass_columns_b, serial_shops, shop,
          minmay_misc_feat_encased
D:3:      layout_basic, shapermc_ecumenical_altar_notcrosses, minivault_19
D:4:      layout_basic, minmay_hedge_maze, kennysheep_crisscross,
          minmay_checkerbox, uniq_natasha

Skill      XL: |  1  2  3  4 |
---------------+-------------+-----
Fighting       | 1 |  1.8
Poison Magic   | 4 |  4.4
Air Magic      | 1 |  1.6
Conjurations   | 1 |  1.4
Transmutations | 2 |  2.0
Dodging        | |  2.9
Stealth        | |  2.6
Spellcasting   | |  2.8
Summonings     | |  0.9

Action                     |  1- 3 |  4- 6 || total
---------------------------+-------+-------++-------
  Melee: Unarmed           |     5 |       ||     5
         Constrict         |    10 |     6 ||    16
         Tentacles         |     4 |     5 ||     9
         Dagger            |    24 |    26 ||    50
   Cast: Sting             |    48 |    35 ||    83
         Poisonous Vapours |       |     8 ||     8
   Stab: Sleeping          |     1 |     2 ||     3
 Armour: Skin              |     1 |     2 ||     3
  Dodge: Dodged            |    15 |    19 ||    34
